 Dungeon Crawl Stone Soup version 0.18.1-50-g88ac8fd (webtiles) character file.

12 Ilten the Sneak (level 2, 0/14 HPs)
             Began as a Spriggan Assassin on Apr 9, 2017.
             Slain by a rat (1 damage)
             ... on level 1 of the Dungeon.
             The game lasted 00:05:17 (551 turns).

Ilten the Sneak (Spriggan Assassin)                  Turns: 551, Time: 00:05:18

Health: 0/14       AC:  3    Str:  7    XL:     2   Next: 20%
Magic:  3/3        EV: 16    Int: 12    God:
Gold:   18         SH:  0    Dex: 17    Spells: 0 memorised, 1 level left

rFire  . . .     SeeInvis +     a - +2 dagger
rCold  . . .     Gourm    .     c - +0 robe
rNeg   . . .     Faith    .     (shield restricted)
rPois  .         Spirit   .     (helmet restricted)
rElec  .         Dismiss  .     d - +0 cloak
rCorr  .         Reflect  .     (gloves unavailable)
SustAt .         Harm     .     (boots unavailable)
MR     .....                    (no amulet)
Stlth  ++++......               (no ring)
                                (no ring)

@: drained, very quick, not resistant to hostile enchantments, stealthy
A: unfitting armour, see invisible, herbivore 3, speed 3, slow metabolism 2
a: no special abilities


You were on level 1 of the Dungeon.
You were not hungry.

You visited 1 branch of the dungeon, and saw 1 of its levels.

You collected 18 gold pieces.

Inventory:

Hand Weapons
 a - a +2 dagger (weapon)
 b - a +0 blowgun
Missiles
 e - 3 poisoned needles
 f - 2 curare-tipped needles
 h - 3 needles of sleeping
Armour
 c - a +0 robe (worn)
 d - a +0 cloak (worn)
Scrolls
 i - a scroll of magic mapping {unknown}
 j - a scroll of identify {unknown}
Potions
 k - a potion of invisibility {unknown}
 l - a potion of curing {unknown}
 m - a potion of degeneration {unknown}
 n - a potion of flight {unknown}
Comestibles
 g - a bread ration


   Skills:
 + Level 1.5(1.3) Fighting
 + Level 2.1(1.9) Short Blades
 + Level 2.0(1.7) Throwing
 + Level 1.7(1.4) Dodging
 + Level 6.7(6.4) Stealth


You had one spell level left.
You didn't know any spells.

Dungeon Overview and Level Annotations

Branches:
Dungeon (1/15)

Altars:


Innate Abilities, Weirdness & Mutations

You are tiny and cannot use many weapons and most armour.
You have supernaturally acute eyesight.
You are a herbivore.
You cover ground extremely quickly.
You need consume almost no food.


Message History

Firing (i - inventory. (,) - cycle):
e - 5 poisoned needles (quivered)
Press: ? - help, Shift-Dir - straight line, f - rat, p - hobgoblin
Aim: a rat You shoot a poisoned needle.
The poisoned needle barely misses the rat.
The poisoned needle hits the hobgoblin.
The hobgoblin looks even sicker.
The hobgoblin is moderately wounded.
You kill the hobgoblin!
Firing (i - inventory. (,) - cycle):
e - 4 poisoned needles (quivered)
Press: ? - help, Shift-Dir - straight line, f/p - rat
Aim: a rat You shoot a poisoned needle.
The poisoned needle hits the rat.
Wield which item (- for none, * to show all)? (? for menu, Esc to quit)
a - a +2 dagger (weapon)
The rat bites you.
* * * LOW HITPOINT WARNING * * *
You hit the rat.
The rat is moderately wounded.
The rat bites you.
You die...

..##........##.# #.........#
..###.#.....##.# #.........#
....(.......##.# #..⌠...⌠..#
............##.# ###.........#
#.###...######.###.'....<....+
......#.# #........#.........#
#.#####.###.##.#.###..⌠...⌠..#
#.#####..##.##.#.# #.........#
#.#.........##.#@# #.........#
#.#.####.#####.#r# #####'#####
#.# ..#.....(# #.......[.# #.#
#.#.##.#.###.........#### #.#
.. #....#............... #.#
#..##.#)#.#............. #.#
..##.#.#.#.....†...[### #.#
#.## #(#.#..........# #.#
#(#.#..........#


You could see a rat.

Vanquished Creatures
  A dart slug (D:1)
  A goblin (D:1)
  3 hobgoblins (D:1)
  3 bats (D:1)
  A rat (D:1)
9 creatures vanquished.

Notes
Turn   | Place    | Note
--------------------------------------------------------------
     0 | D:1      | Ilten the Spriggan Assassin began the quest for the Orb.
     0 | D:1      | Reached XP level 1. HP: 10/10 MP: 2/2
    38 | D:1      | Reached skill level 6 in Stealth
   476 | D:1      | Reached XP level 2. HP: 14/14 MP: 3/3
   551 | D:1      | Slain by a rat

Skill      XL: |  1 |
---------------+----+-----
Stealth        | 6 |  6.7
Fighting       | |  1.5
Short Blades   | |  2.1
Throwing       | |  2.0
Dodging        | |  1.7

Action                   || total
-------------------------++-------
Melee: Dagger            ||    12
 Fire: Blowgun           ||    15
Armor: Robe              ||     3
Dodge: Dodged            ||    11
